 Dungeon Crawl Stone Soup version 0.31-a0-202-g547052bce9 (webtiles) character file.

Game seed: 7699292716179765641

9 qw the Shooter (level 2, 0/16 HPs)
             Began as a Deep Elf Hunter on June 26, 2023.
             Succumbed to their own poison gas
             ... on level 1 of the Dungeon.
             The game lasted 00:00:09 (858 turns).

qw the Shooter (Deep Elf Hunter)                     Turns: 858, Time: 00:00:10

Health: 0/16       AC:  3    Str:  8    XL:     2   Next: 6%
Magic:  4/4        EV: 12    Int: 13    God:
Gold:   32         SH:  0    Dex: 24    Spells: 1/1 levels left

rFire   . . .        Y - +0 shortbow (drain)
rCold   . . .        (shield currently unavailable)
rNeg    . . .        c - +0 leather armour
rPois   .            (no helmet)
rElec   .            (no cloak)
rCorr   .            (no gloves)
SInv    .            (no boots)
Will    .....        (no amulet)
Stlth   ++           f - +6 ring of dexterity
HPRegen 0.22/turn    (no ring)
MPRegen 0.09/turn

%: no passive effects
@: lethally poisoned (0 -> -4)
A: no striking features
a: no special abilities


You were on level 1 of the Dungeon.
You visited 1 branch of the dungeon, and saw 1 of its levels.

You collected 32 gold pieces.


   Skills:
 - Level 1.5 Fighting
 + Level 6.0 Ranged Weapons
 - Level 2.4 Dodging
 - Level 1.2 Stealth


You had one spell level left.
You didn't know any spells.
Your spell library was empty.

Inventory:

Hand Weapons
 Y - a +0 shortbow of draining (weapon)
Armour
 c - a +0 leather armour (worn)
Jewellery
 f - a +6 ring of dexterity (left hand)

Dungeon Overview and Level Annotations

Branches:
Dungeon (1/15)

Altars:


Message History

Done exploring.
851 ||| READING scroll labelled YLIOSUGGELL.
Blink to where?
Press: ? - help, Dir - move target, f - you Are you sure you want to cancel this blink?
As you read the scroll labelled YLIOSUGGELL, it crumbles to dust.
It was a scroll of blinking.
Done exploring.
852 ||| DROPPING scroll of butterflies.
You drop a scroll of butterflies.
Done exploring.
(D) Dungeon
Where to? (* - list waypoints, ? - help)
What level of the Dungeon? (default 1, ? - help) Sorry, I don't know how to get there.
Enter note:
Enter note:
Enter note:
Enter note:
Enter note:
Enter note:
Enter note:
Enter note:
Enter note:
Enter note:
Enter note:
Enter note: Really walk into that cloud of poison gas?
You are engulfed in poison gas.
You are poisoned.
You feel very sick.
854 ||| Stepping ~*~*~tactically~*~*~ (cloud).
You feel very sick.
You see here a scroll of butterflies.
There is a lethal amount of poison in your body!
You feel sick.
There is a lethal amount of poison in your body!
You feel sick.
There is a lethal amount of poison in your body!
You feel sick.
There is a lethal amount of poison in your body!
You die...

#.##.# #.# #.# #
#.##.#########.####.# #
#..#.##¤0000##......##### #
##.#.##¤¤¤¤¤######......####
#.#.##¤¤0¤¤# ##.###....#
#.#.##¤0¤¤0# #.# ####.#
#.#.##¤¤0¤¤# #.# #.#
#.#.##0¤0¤0# #.######.#
#.#.##¤¤¤¤@# #.........
#.#.##¤¤¤¤0###############.
#.#.¤¤00¤0¤¤...............
#.####¤0¤¤¤0¤....########..
#.####¤¤¤00¤¤0...########.#
#....¤¤¤¤000¤¤0.........#.#
######¤¤¤000¤00¤.######.#.#
#.............# #.#.#
#.#####.......# #.#.#


There were no monsters in sight!

Vanquished Creatures
  2 endoplasms (D:1)
  A goblin (D:1)
  4 kobolds (D:1)
  A rat (D:1)
8 creatures vanquished.

Notes
Turn   | Place    | Note
-------+----------+-------------------------------------------
     0 | D:1      | qw the Deep Elf Hunter began the quest for the Orb.
     0 | D:1      | Reached XP level 1. HP: 12/12 MP: 3/3
     0 | D:1      | 0 ||| qw: Version: 0.3-a-22-g0ed2b0b
     0 | D:1      | 0 ||| qw: Game counter: 5912
     0 | D:1      | 0 ||| qw: Melee chars always use a shield: true
     0 | D:1      | 0 ||| qw: God list: Okawaru
     0 | D:1      | 0 ||| qw: Allow faded altars: false
     0 | D:1      | 0 ||| qw: Do Orc after clearing Dungeon:15 true
     0 | D:1      | 0 ||| qw: Do second Lair branch before Depths: true
     0 | D:1      | 0 ||| qw: Lair rune preference: random
     0 | D:1      | 0 ||| qw: Goals: Normal
     0 | D:1      | 0 ||| PLANNING D:1-11
   315 | D:1      | HP: 3/12 [frozen (3)]
   720 | D:1      | Reached XP level 2. HP: 16/16 MP: 4/4
   744 | D:1      | Reached skill level 6 in Ranged Weapons
   847 | D:1      | 847 ||| UPGRADING to +6 ring of dexterity.
   848 | D:1      | 848 ||| READING scroll labelled VEUTUXK YBLOY.
   849 | D:1      | 849 ||| READING scroll labelled WOAJYXTYUK.
   850 | D:1      | 850 ||| READING scroll labelled CEKLUZAUNN.
   851 | D:1      | 851 ||| READING scroll labelled YLIOSUGGELL.
   852 | D:1      | 852 ||| DROPPING scroll of butterflies.
   854 | D:1      | 854 ||| Stepping ~*~*~tactically~*~*~ (cloud).
   855 | D:1      | HP: 4/16 [poisoned by you (poison gas)]
   857 | D:1      | HP: 1/16 [poisoned by you (poison gas)]
   858 | D:1      | Succumbed to their own poison gas

Levels and vault maps discovered:
D:1:      mainiacjoe_arrival_reflecting_pool, layout_basic

Skill      XL: |  1  2 |
---------------+-------+-----
Ranged Weapons | 6 |  6.0
Fighting       | |  1.5
Dodging        | |  2.4
Stealth        | |  1.2

Action                     || total
---------------------------++-------
   Fire: Shortbow          ||    23
    Use: Scroll            ||     4
 Armour: Leather armour    ||     1
  Dodge: Dodged            ||     3

Table legend:
 A = Non-vault XP
 B = Vault XP
 C = Vault XP percentage of total XP
 D = Non-vault monster count
 E = Vault monster count
 F = Vault count percentage of total count
                 A         B        C        D         E       F
            +---------+---------+-------+---------+---------+-------
      Total |      14 |       0 |   0.0 |       8 |       0 |   0.0
            +---------+---------+-------+---------+---------+-------
        D:1 |      14 |       0 |   0.0 |       8 |       0 |   0.0
            +---------+---------+-------+---------+---------+-------
